 Dungeon Crawl Stone Soup version 0.30-a0-222-ge547ba4400 (webtiles) character file.

Game seed: 599935466797687593

10824 sleeves the Cardsharp (level 11, 0/75 HPs)
             Began as a Demonspawn Monk on Oct 8, 2022.
             Was a High Priest of Nemelex Xobeh.
             Slain by a manticore (16 damage)
             ... on level 11 of the Dungeon.
             The game lasted 00:16:28 (11565 turns).

sleeves the Cardsharp (Demonspawn Monk)            Turns: 11565, Time: 00:16:28

Health: 0/75       AC: 15    Str: 15    XL:     11   Next: 41%
Magic:  20/20      EV:  7    Int: 15    God:    Nemelex Xobeh [*****.]
Gold:   1000       SH:  9    Dex: 16    Spells: 10/10 levels left

rFire   + . .      SeeInvis .    j - +2 dagger (venom)
rCold   + . .      Faith    +    b - +0 buckler
rNeg    + . .      Spirit   .    H - +1 chain mail {rC+}
rPois   .          Reflect  .    k - +2 hat
rElec   .          Harm     .    m - +0 cloak
rCorr   .          Rampage  .    (no gloves)
Will    .....                    v - +0 pair of boots
Stlth   ..........               q - amulet "Juika" {Faith rF+ Int+3 Slay+2}
HPRegen 0.32/turn                t - ring of positive energy
MPRegen 0.17/turn                (no ring)

@: spiked
A: horns 1, foul stench 2, condensation shield
a: Renounce Religion, Draw Escape, Draw Destruction, Draw Summoning, Triple
Draw, Deal Four, Stack Five


You were on level 11 of the Dungeon.
You worshipped Nemelex Xobeh.
Nemelex Xobeh was extremely pleased with you.
You visited 1 branch of the dungeon, and saw 11 of its levels.
You also visited: Ossuary.

You collected 1000 gold pieces.

Inventory:

Hand Weapons
 j - a +2 dagger of venom (weapon)
   (You took it off a goblin on level 1 of the Dungeon)
 P - a +2 short sword of speed
   (You took it off an orc on level 9 of the Dungeon)
 Q - a +0 long sword
   (You found it on level 9 of the Dungeon)
Missiles
 J - 2 throwing nets (quivered)
 S - 3 curare-tipped darts
Armour
 b - a +0 buckler (worn)
   (You found it on level 7 of the Dungeon)
 k - a +2 hat (worn)
   (You found it on level 1 of the Dungeon)
 m - a +0 cloak (worn)
   (You found it on level 1 of the Dungeon)
 v - a +0 pair of boots (worn)
   (You found it on level 4 of the Dungeon)
 A - a +2 robe of positive energy
   (You took it off an orc wizard on level 3 of the Dungeon)
 F - a +2 robe of willpower
   (You took it off Pikel on level 5 of the Dungeon)
 H - a +1 chain mail of cold resistance (worn)
   (You took it off an orc warrior on level 5 of the Dungeon)
Jewellery
 o - an amulet of regeneration
   (You found it on level 8 of the Dungeon)
 q - the amulet "Juika" (around neck) {Faith rF+ Int+3 Slay+2}
   (You found it on level 2 of the Dungeon)

   [amulet of faith]

   It allows you to gain divine favour quickly.
   Int:       It affects your intelligence (+3).
   Slay:      It affects your accuracy & damage with ranged weapons and melee
   (+2).
   rF:        It protects you from fire.
 t - a ring of positive energy (left hand)
   (You found it on level 4 of the Dungeon)
 R - a +6 ring of intelligence
   (You found it on level 10 of the Dungeon)
Wands
 a - a wand of iceblast (4)
   (You found it on level 9 of the Dungeon)
 L - a wand of charming (4)
   (You found it on level 9 of the Dungeon)
 O - a wand of polymorph (2)
   (You found it on level 9 of the Dungeon)
Scrolls
 e - 6 scrolls of fear
 f - 10 scrolls of teleportation
 n - 4 scrolls of blinking
 r - 2 scrolls of fog
 s - a scroll of summoning {unknown}
 x - 3 scrolls of magic mapping
 y - 2 scrolls of enchant armour
 z - a scroll of amnesia
 B - 3 scrolls of vulnerability
 E - 3 scrolls of immolation
 G - 5 scrolls of brand weapon {unknown}
 I - 2 scrolls of poison
 M - 5 scrolls of identify
Potions
 c - 5 potions of ambrosia
 d - 7 potions of curing
 g - 3 potions of attraction
 h - 9 potions of heal wounds
 i - a potion of berserk rage {unknown}
 l - 2 potions of lignification {unknown}
 p - 7 potions of flight {unknown}
 u - a potion of haste {unknown}
 w - 2 potions of mutation {unknown}
 C - 3 potions of resistance {unknown}
 D - a potion of might
 N - 2 potions of invisibility


   Skills:
 - Level 3.0 Fighting
 + Level 11.5 Long Blades
 + Level 6.5 Armour
 - Level 2.6 Dodging
 - Level 1.7 Stealth
 + Level 4.9 Shields
 + Level 12.9 Invocations


You had 10 spell levels left.
You didn't know any spells.
Your spell library contained the following spells:

 Spells                   Type           Power      Damage    Failure   Level
 Apportation              Tloc           0%         N/A       99%         1
 Necrotise                Necr           0%         1d4       99%         1
 Summon Small Mammal      Summ           0%         N/A       99%         1
 Summon Lightning Spire   Summ/Air       0%         N/A       100%        4
 Storm Form               Tmut/Air       0%         N/A       100%        7
 Maxwell's Capacitive Co  Air            0%         ∞         100%        8


Dungeon Overview and Level Annotations

Branches:
Dungeon (11/15)            Temple (0/1) D:4            Lair (0/5) D:10
    Orc (0/2) D:11        Ossuary (visited)

Altars:
Cheibriados
Nemelex Xobeh
Okawaru
Sif Muna
Vehumet

Shops:
D:3 (   D:7 [*!:(

Annotations:
D:10 exclusion: oklob plant


Innate Abilities, Weirdness & Mutations

You have a pair of small horns on your head.
You sometimes emit foul miasma when damaged in melee.
A meltable shield of frost defends you. (SH +4)


Message History

You block something's attack. Something hits you but does no damage.
Something completely misses you. Something hits you. Something hits you!
Something hits you but does no damage. Something hits you but does no damage.
Something hits you.
You emit a cloud of foul miasma!
You block something's attack. Something hits you. Something hits you.
Something hits you but does no damage. Something hits you but does no damage.
You hit something. You headbutt something.
Something hits you but does no damage. Something hits you but does no damage.
Something hits you but does no damage. Something hits you.
Something hits you but does no damage. Something hits you.
Something hits you but does no damage. Something hits you but does no damage.
You block something's attack. Something hits you but does no damage.
Something hits you but does no damage. x2
Something hits you. Something hits you but does no damage.
Something hits you but does no damage. Something hits you. Something hits you.
Reactivating autopickup.
You feel a bit more experienced.
You have reached level 11!
Found a stone staircase leading down.
Nemelex Xobeh deals you some cards!
You now have 13 escape cards, 21 destruction cards and 7 summoning cards.
Found a trident.
You open the door.
There is an open door here.
You open the door.
There is an open door here.
You now have 930 gold pieces (gained 16).
You open the door.
Found a falchion.
There is an open door here.
You open the door.
There is an open door here.
There is an open door here.
There is an open door here.
You open the door.
There is an open door here.
Found a stone staircase leading up.
You open the door.
There is an open door here.
You open the door.
There is an open door here.
Found a stone staircase leading up.
There is a stone staircase leading up here.
There is an open door here.
There is an open door here.
Done exploring.
Done exploring.
Done exploring.
Done exploring.
Done exploring.
You can't go down here!
(D) Dungeon (T) Temple (L) Lair
Where to? (Enter - D:10, ? - help)
There is an open door here.
There is a stone staircase leading down here.
You climb downwards.
A sourceless malevolence fills the Dungeon...
With a horrendous wail, an alarm goes off!
A sentinel's mark forms upon you.
You hear a shout!
You hear a howl!
You hear two shouts!
You hear a shout! x8
You hear a bellow! x5
There is a stone staircase leading up here.
Unknown command.
You climb upwards.
Level annotation: exclusion: oklob plant
There is a stone staircase leading down here.
You start waiting.
The sentinel's mark upon you fades away.
Unknown command.
You climb downwards.
A vampire comes into view.
There is a stone staircase leading up here.
A vampire is nearby!
A vampire is nearby!
You draw a card...
You have drawn Degeneration.
The vampire is dazed by the mutagenic energy.
Unknown command.
You draw a card...
You have drawn the Storm.
A mighty gale blasts forth from the card!
The vampire is blown away by the wind.
The electrical discharge engulfs the vampire!!!
You destroy the vampire!
You hear violent peals of thunder!
Unknown command.
Unknown command.
Unknown command.
Unknown command.
A boulder beetle comes into view.
A boulder beetle is nearby!
A boulder beetle is nearby!
You draw a card...
You have drawn Wild Magic.
Nothing appears to happen.
The boulder beetle curls into a ball and begins rolling!
Sonja, the Graceful Assassin comes into view.
She is wielding a +1 short sword of venom and quivering curare-tipped darts.
Sonja casts a spell.
Sonja blinks!
You draw a card...
You have drawn Pain.
Press: ? - help, Shift-Dir - straight line, f - Sonja
Aim: Sonja, wielding a +1 short sword of venom and quivering curare-tipped darts The bolt of negative energy hits Sonja!!
Sonja is drained!
Sonja is severely wounded.
The bolt of negative energy hits the boulder beetle!!
The boulder beetle is drained!
The boulder beetle is moderately wounded.
Sonja hits you but does no damage.
You are poisoned.
Sonja hits you but does no damage.
You are more poisoned.
Sonja completely misses you.
The boulder beetle stops rolling and uncurls.
You draw a card...
You have drawn Pain.
Press: ? - help, Shift-Dir - straight line, f/p - Sonja
Aim: Sonja, wielding a +1 short sword of venom and quivering curare-tipped darts (severely wounded, lightly drained) Sonja convulses!
You feel very sick.
Sonja casts a spell.
Sonja blinks!
Sonja mumbles some strange words.
Sonja blinks!
You hit the boulder beetle but do no damage.
The boulder beetle is moderately wounded.
You feel sick.
You hit the boulder beetle.
The boulder beetle is poisoned.
Your headbutt misses the boulder beetle.
The boulder beetle is moderately wounded.
You feel sick. The boulder beetle bites you!
You hit the boulder beetle but do no damage.
The boulder beetle looks as sick as possible!
You headbutt the boulder beetle, but do no damage.
The boulder beetle is moderately wounded.
You feel sick.
A two-headed ogre comes into view.
It is wielding a +0 giant spiked club and a +0 giant club.
The boulder beetle bites you but does no damage.
Throw: 3 throwing nets
Press: ? - help, Q - select action, (/) - cycle Shift-Dir - straight line, f - boulder beetle
Aim: a boulder beetle (heavily wounded, extremely poisoned, lightly drained, 90% to hit)
You throw a throwing net.
The throwing net hits the boulder beetle.
The boulder beetle is caught in the net!
The boulder beetle is heavily wounded.
You feel sick.
The boulder beetle struggles against the net.
You draw a card...
You have drawn Vitriol.
Press: ? - help, Shift-Dir - straight line, f/p - boulder beetle
Aim: a boulder beetle (heavily wounded, entangled in a net, extremely poisoned, lightly drained)
The glob of acid hits the boulder beetle!!
The boulder beetle is almost dead.
You feel sick.
You kill the boulder beetle!
Your Armour skill increases to level 6!
Your Shields skill increases to level 4!
Aiming: Polymorph
Press: ? - help, Shift-Dir - straight line, f - Sonja
Aim: Sonja, wielding a +1 short sword of venom and quivering curare-tipped darts (severely wounded, lightly drained, will become an ogre, a black mamba, or an iguana, chance to affect: 59%) Sonja evaporates and reforms as an iguana!
You feel sick.
Aiming: Polymorph
Press: ? - help, Shift-Dir - straight line, f - two-headed ogre, p - Sonja
Aim: a two-headed ogre, wielding a +0 giant spiked club and a +0 giant club (will become a hornet, a death drake, or a faun, chance to affect: 31%)
The two-headed ogre easily resists.
You feel sick.
An orc priest comes into view. It is wielding a +0 dagger.
You feel sick. Sonja bites you.
Things that are here:
a throwing net; a boulder beetle corpse You barely miss Sonja.
Sonja is moderately wounded.
You feel sick.
The orc priest shouts!
You hear a howl!
You draw a card...
You have drawn Pain.
Press: ? - help, Shift-Dir - straight line, f/p - two-headed ogre
Aim: a two-headed ogre, wielding a +0 giant spiked club and a +0 giant club The two-headed ogre convulses!
You feel sick.
You are no longer poisoned.
You block Sonja's attack.
You draw a card...
You have drawn Degeneration.
The two-headed ogre evaporates and reforms as a swamp dragon!
The swamp dragon twists and deforms.
Sonja the iguana evaporates and reforms as a killer bee!
Sonja twists and deforms.
The orc priest evaporates and reforms as a centaur!
The centaur twists and deforms.
Sonja stings you but does no damage.
The centaur picks up a +0 dagger.
The centaur wields a +0 dagger.
Unknown command.
You draw a card...
You have drawn Vitriol.
Press: ? - help, Shift-Dir - straight line, f/p - swamp dragon
Aim: a swamp dragon (misshapen and mutated)
The bolt of acid hits the swamp dragon!!
The acid corrodes the swamp dragon!
The swamp dragon is heavily wounded.
The bolt of acid hits the centaur!!!
The acid corrodes the centaur!
You kill the centaur!
The orc priest returns to its original shape as it dies.
You block Sonja's attack.
The swamp dragon bites you but does no damage.
The swamp dragon claws you but does no damage.
The swamp dragon tramples you.
You hold your ground!
Sonja stings you but does no damage.
You draw a card...
You have drawn Wild Magic.
Sand pours from the swamp dragon's front talons.
Sonja pauses, visibly distraught.
Sonja is drained!
You feel a surge of magic. Sonja stings you but does no damage.
You block the swamp dragon's attack.
The swamp dragon claws you but does no damage.
You block the swamp dragon's attack. Sonja barely misses you.
Unknown command.
You draw a card...
You have drawn Pain.
Press: ? - help, Shift-Dir - straight line, f/p - swamp dragon
Aim: a swamp dragon (heavily wounded, misshapen and mutated, covered in acid)
The bolt of negative energy hits the swamp dragon!!
The swamp dragon is drained!
The swamp dragon is almost dead.
Sonja stings you but does no damage.
The swamp dragon bites you but does no damage.
You block the swamp dragon's attack. The swamp dragon barely misses you.
Sonja barely misses you.
You hit the swamp dragon.
The swamp dragon is almost dead.
You block Sonja's attack.
The swamp dragon bites you but does no damage.
The swamp dragon barely misses you.
The swamp dragon tramples you but does no damage.
Sonja stings you but does no damage.
You hit the swamp dragon. You headbutt the swamp dragon.
You kill the swamp dragon!
The two-headed ogre returns to its original shape as it dies.
You block Sonja's attack.
You miss Sonja. Your headbutt misses Sonja.
Sonja is heavily wounded.
You block Sonja's attack.
You hit Sonja.
Sonja is severely wounded.
You block Sonja's attack. x2
You hit Sonja.
Sonja is almost dead.
You block Sonja's attack.
You puncture Sonja!
You kill Sonja!
An orc comes into view. It is wielding a +0 hand axe.
An orc is nearby!
An orc is nearby!
An orc is nearby!
The orc shouts!
Things that are here:
a +1 short sword of venom; 3 curare-tipped darts; a ruby potion You block the orc's attack.
You closely miss the orc. The orc barely misses you.
You barely miss the orc. You headbutt the orc.
The orc is moderately wounded.
You hit the orc.
The orc is poisoned.
Your headbutt misses the orc.
The orc is severely wounded.
The orc hits you with a +0 hand axe.
You are too injured to fight recklessly!
You are too injured to fight recklessly!
You are too injured to fight recklessly!
The orc attacks as you move away! You block the orc's attack.
You kill the orc!
p - 7 ruby potions (gained 1)
Things that are here:
a +1 short sword of venom; 3 curare-tipped darts An acid dragon comes into view.
S - 3 curare-tipped darts The acid dragon roars!
You draw a card...
You have drawn Wild Magic.
The acid dragon is caught in a fiery explosion!
You feel a surge of magic. The acid dragon spits acid at you.
The splash of acid hits you!
* * * LOW HITPOINT WARNING * * *
You hear a shout!
Unknown command.
You draw a card...
You have drawn the Storm.
A mighty gale blasts forth from the card!
The electrical discharge engulfs the acid dragon!!
You kill the acid dragon!
The acid dragon scales are intact enough to wear.
You hear violent peals of thunder!
Key pressed, stopping explore.
A cyclops comes into view.
A cyclops is nearby!
A cyclops is nearby!
A cyclops is nearby!
A cyclops is nearby!
The cyclops shouts!
You see here a +1 short sword of venom.
J - 3 throwing nets (gained 1)
You see here a boulder beetle corpse.
Things that are here:
a +0 giant spiked club; a +0 giant club; a two-headed ogre corpse
There is a stone staircase leading up here.
Things that are here:
a +0 dagger; a +0 scale mail; an orc corpse You climb upwards.
Level annotation: exclusion: oklob plant
There is a stone staircase leading down here.
Okay, then.
Unknown command.
Unknown command.
You climb downwards.
There is a stone staircase leading up here.
Things that are here:
a +0 scale mail; a +0 dagger; an orc corpse A cyclops is nearby!
A cyclops is nearby!
A cyclops is nearby!
You hit the cyclops.
The cyclops is poisoned.
You headbutt the cyclops, but do no damage.
The cyclops is lightly wounded.
You hit the cyclops.
The cyclops looks as sick as possible!
The cyclops is lightly wounded.
The cyclops hits you!
You are too injured to fight recklessly!
You are too injured to fight recklessly!
You are too injured to fight recklessly!
You are too injured to fight recklessly!
Throw: 3 throwing nets
Press: ? - help, Q - select action, (/) - cycle Shift-Dir - straight line, f - cyclops
Aim: a cyclops, quivering large rocks (moderately wounded, extremely poisoned, 87% to hit, immune to nets)
You throw a throwing net.
The throwing net barely misses the cyclops.
You hit the cyclops but do no damage. You headbutt the cyclops!
The cyclops is heavily wounded.
The cyclops hits you.
Throw: 2 throwing nets
Press: ? - help, Q - select action, (/) - cycle Shift-Dir - straight line, f/p - cyclops
Aim: a cyclops, quivering large rocks (heavily wounded, extremely poisoned, 87% to hit, immune to nets)
You throw a throwing net.
The throwing net completely misses the cyclops.
The cyclops hits you.
You emit a cloud of foul miasma!
You hit the cyclops but do no damage.
The cyclops looks as sick as possible!
The cyclops is severely wounded.
You hit the cyclops but do no damage.
You headbutt the cyclops, but do no damage.
The cyclops is severely wounded.
You hit the cyclops but do no damage.
The cyclops looks as sick as possible!
You headbutt the cyclops.
The cyclops is severely wounded.
The cyclops is engulfed in dark miasma.
The cyclops looks as sick as possible!
The cyclops seems to slow down.
The cyclops hits you!
* * * LOW HITPOINT WARNING * * *
There is a stone staircase leading up here.
Things that are here:
a +0 scale mail; a +0 dagger; an orc corpse The cyclops is engulfed in dark miasma.
The cyclops looks as sick as possible!
The cyclops seems to slow down.
You kill the cyclops!
Things that are here:
6 large rocks; a cyclops corpse Unknown command.
Unknown command.
Unknown command.
Unknown command.
An orc wizard comes into view. It is wielding a +0 dagger.
An orc wizard is nearby!
An orc wizard is nearby!
An orc wizard is nearby!
You are too injured to fight recklessly!
You are too injured to fight recklessly!
You are too injured to fight recklessly!
The orc wizard shouts!
There is a stone staircase leading up here.
Things that are here:
a +0 scale mail; a +0 dagger; an orc corpse The orc wizard points at you and mumbles some strange words.
The magic dart hits you.
* * * LOW HITPOINT WARNING * * *
You climb upwards.
Level annotation: exclusion: oklob plant
There is a stone staircase leading down here.
You start resting.
HP restored.
You start waiting.
Done waiting.
You climb downwards.
There is a stone staircase leading up here.
Things that are here:
a +0 scale mail; a +0 dagger; an orc skeleton An orc wizard is nearby!
The orc wizard points at you and mumbles some strange words.
The puff of flame hits you but does no damage.
Your condensation shield dissipates!
The orc wizard barely misses you.
You hit the orc wizard. You headbutt the orc wizard.
The orc wizard is moderately wounded.
The orc wizard casts a spell at you. The puff of flame hits you. You resist.
You closely miss the orc wizard.
The orc wizard is moderately wounded.
You block the orc wizard's attack.
You barely miss the orc wizard.
The orc wizard is moderately wounded.
You closely miss the orc wizard. You headbutt the orc wizard.
The orc wizard is heavily wounded.
The orc wizard hits you but does no damage.
You barely miss the orc wizard.
You headbutt the orc wizard, but do no damage.
The orc wizard is heavily wounded.
A warg comes into view.
The orc wizard hits you but does no damage.
The warg howls!
You hit the orc wizard.
The orc wizard is poisoned.
You headbutt the orc wizard.
The orc wizard is severely wounded.
You closely miss the orc wizard. Your headbutt misses the orc wizard.
The orc wizard is severely wounded.
The orc wizard drinks a potion.
The orc wizard is healed!
There are monsters nearby!
There are monsters nearby!
There are monsters nearby!
You hit the orc wizard.
The orc wizard looks as sick as possible!
You headbutt the orc wizard.
The orc wizard is moderately wounded.
The orc wizard hits you but does no damage.
You hit the orc wizard.
The orc wizard looks as sick as possible!
You headbutt the orc wizard!
The orc wizard is almost dead.
The orc wizard barely misses you.
You hit the orc wizard.
You kill the orc wizard!
You barely miss the warg. You headbutt the warg.
The warg is lightly wounded.
You block the warg's attack.
You hit the warg.
The warg is poisoned.
You headbutt the warg!
The warg is heavily wounded.
You hit the warg.
The warg looks as sick as possible!
The warg is severely wounded.
You block the warg's attack.
You hit the warg. Your headbutt misses the warg.
The warg is almost dead.
You kill the warg!
No target in view!
No target in view!
No target in view!
No target in view!
No target in view!
No target in view!
No target in view!
No target in view!
No target in view!
No target in view!
No target in view!
No target in view!
No target in view!
No target in view!
B - 3 scrolls of vulnerability (gained 1)
Items here: ) [ ††.
There is a stone staircase leading up here.
Things that are here:
a +0 scale mail; a +0 dagger; an orc skeleton
Things that are here:
6 large rocks; a cyclops skeleton
Things that are here:
a +0 giant club; a +0 giant spiked club; a two-headed ogre skeleton
J - 3 throwing nets (gained 2)
r - 2 scrolls of fog (gained 1)
You see here a +0 hand axe.
Your icy envelope is restored.
N - 2 potions of invisibility (gained 1)
Found a stone staircase leading down.
A yak comes into view.
A yak is nearby!
A yak is nearby!
An orc comes into view. It is wielding a +0 hand axe.
The orc shouts!
The yak bellows!
You hear a bellow! x2; You hear a shout!
A yak comes into view.
The yak bellows!
You hear a bellow!
A yak comes into view.
Found a staircase to the Orcish Mines.
The yak bellows!
An orc wizard comes into view.
It is wielding a +1 trident of protection and wearing a +2 robe of positive energy.
A yak comes into view.
You closely miss the yak. Your headbutt misses the yak.
A yak comes into view.
The yak gores you but does no damage.
You hit the yak but do no damage.
The yak is poisoned.
Found a stone staircase leading down.
The yak gores you!
You hit the yak.
The yak looks as sick as possible!
The yak is moderately wounded.
You block the yak's attack.
You closely miss the yak.
The yak is moderately wounded.
The yak gores you.
You emit a cloud of foul miasma!
You hit the yak.
The yak looks as sick as possible!
You headbutt the yak.
The yak is heavily wounded.
You barely miss the yak.
The yak is heavily wounded.
You block the orc wizard's attack.
The yak is engulfed in dark miasma.
The yak looks as sick as possible!
You block the yak's attack.
You hit the yak.
The yak looks as sick as possible!
Your headbutt misses the yak.
The yak is severely wounded.
The orc wizard barely misses you.
The yak is engulfed in dark miasma.
The yak looks as sick as possible!
The yak seems to slow down.
You block the yak's attack.
You hit the yak.
The yak looks as sick as possible!
The yak is almost dead.
You hit the yak.
You kill the yak!
The orc wizard gestures at you while chanting.
The puff of flame hits you.
Your condensation shield dissipates!
You resist. The orc wizard casts a spell at you. The puff of flame hits you.
You resist. The yak gores you but does no damage.
You hit the yak.
The yak is lightly wounded.
You block the yak's attack.
You hit the yak.
The yak is lightly wounded.
You hit the yak.
The yak is poisoned.
The yak is lightly wounded.
The yak gores you but does no damage.
You hit the yak but do no damage.
The yak looks as sick as possible!
You headbutt the yak.
The yak is moderately wounded.
The yak completely misses you.
You barely miss the yak. You headbutt the yak, but do no damage.
The yak is moderately wounded.
The yak gores you but does no damage.
You hit the yak.
The yak looks as sick as possible!
The yak is moderately wounded.
You hit the yak.
The yak looks as sick as possible!
You headbutt the yak.
The yak is heavily wounded.
The orc wizard hits you from afar with a +1 trident of protection.
The yak gores you!
You emit a cloud of foul miasma!
You are too injured to fight recklessly!
You are too injured to fight recklessly!
You are too injured to fight recklessly!
You are too injured to fight recklessly!
You are too injured to fight recklessly!
You are too injured to fight recklessly!
You are too injured to fight recklessly!
You are too injured to fight recklessly!
You are too injured to fight recklessly!
You are too injured to fight recklessly!
You are too injured to fight recklessly!
You hit the yak.
The yak looks as sick as possible!
You headbutt the yak, but do no damage.
The yak is severely wounded.
You block the orc wizard's attack.
The yak is engulfed in dark miasma.
The yak looks as sick as possible!
The yak misses you.
You hit the yak.
You kill the yak!
The orc wizard hits you but does no damage.
Found a stone staircase leading down.
You see here a yak corpse.
The orc wizard casts a spell at you.
You easily resist.
You block the orc wizard's attack.
You are too injured to fight recklessly!
You are too injured to fight recklessly!
You are too injured to fight recklessly!
You are too injured to fight recklessly!
You are too injured to fight recklessly!
You are too injured to fight recklessly!
You are too injured to fight recklessly!
You are too injured to fight recklessly!
You are too injured to fight recklessly!
You swing at nothing.
You swing at nothing.
The orc wizard casts a spell at you.
You easily resist.
You swing at nothing.
The orc wizard hits you but does no damage.
You swing at nothing.
You swing at nothing.
The orc wizard hits you from afar with a +1 trident of protection.
You swing at nothing.
The orc wizard closely misses you.
You swing at nothing.
You block the orc wizard's attack.
You hit the orc wizard.
You headbutt the orc wizard, but do no damage.
The orc wizard is moderately wounded.
The orc wizard hits you with a +1 trident of protection.
You hit the orc wizard but do no damage.
The orc wizard is poisoned.
You headbutt the orc wizard.
The orc wizard is severely wounded.
The orc wizard gestures at you while chanting.
The puff of flame hits you. You resist.
You hit the orc wizard but do no damage.
The orc wizard looks as sick as possible!
Your headbutt misses the orc wizard.
The orc wizard is severely wounded.
You miss the orc wizard.
The orc wizard is severely wounded.
The orc wizard hits you with a +1 trident of protection.
You hit the orc wizard but do no damage.
The orc wizard is almost dead.
The orc wizard hits you but does no damage.
The orc wizard attacks as you move away!
The orc wizard barely misses you.
You kill the orc wizard!
The yak gores you but does no damage.
You hit the yak but do no damage.
The yak is poisoned.
Your headbutt misses the yak. You block the yak's attack.
You hit the yak.
The yak looks as sick as possible!
The yak is lightly wounded.
You barely miss the yak.
The yak is moderately wounded.
The yak barely misses you.
You barely miss the yak.
The yak is moderately wounded.
The yak gores you but does no damage.
You hit the yak but do no damage.
The yak looks as sick as possible!
The yak is moderately wounded.
You barely miss the yak. You headbutt the yak!
The yak is heavily wounded.
The yak snorts and paws the ground.
The yak gores you!
* * * LOW HITPOINT WARNING * * *
You emit a cloud of foul miasma!
You hit the yak.
The yak looks as sick as possible!
The yak is severely wounded.
The yak is engulfed in dark miasma.
The yak looks as sick as possible!
You kill the yak!
The yak completely misses you.
You barely miss the yak. You completely miss the yak.
You block the yak's attack.
You hit the yak but do no damage.
The yak is poisoned.
The yak closely misses you.
You barely miss the yak.
The yak is lightly wounded.
You hit the yak but do no damage.
The yak looks even sicker.
The yak is lightly wounded.
The yak gores you but does no damage.
You barely miss the yak.
The yak is lightly wounded.
The yak gores you.
* * * LOW HITPOINT WARNING * * *
You emit a cloud of foul miasma!
You hit the yak.
The yak is lightly wounded.
You hit the yak.
The yak looks as sick as possible!
You headbutt the yak, but do no damage.
The yak is moderately wounded.
The yak is engulfed in dark miasma.
The yak looks as sick as possible!
You block the yak's attack.
You completely miss the yak. You headbutt the yak.
The yak is severely wounded.
The yak is engulfed in dark miasma.
The yak looks as sick as possible!
The yak gores you but does no damage.
You closely miss the yak. You headbutt the yak.
You kill the yak!
You block the orc's attack.
You hit the orc but do no damage.
The orc is poisoned.
You headbutt the orc.
The orc is heavily wounded.
The orc hits you but does no damage.
You hit the orc but do no damage.
The orc looks as sick as possible!
The orc is heavily wounded.
The orc hits you but does no damage.
You hit the orc but do no damage.
The orc looks as sick as possible!
The orc is severely wounded.
You hit the orc.
You kill the orc!
You hit the yak.
The yak is poisoned.
You headbutt the yak!
The yak is moderately wounded.
The yak gores you.
* * * LOW HITPOINT WARNING * * *
You barely miss the yak. You headbutt the yak.
The yak is heavily wounded.
You block the yak's attack.
You hit the yak but do no damage.
The yak looks as sick as possible!
You headbutt the yak.
The yak is severely wounded.
You barely miss the yak.
The yak is severely wounded.
Your icy envelope is restored.
The yak gores you.
* * * LOW HITPOINT WARNING * * *
You emit a cloud of foul miasma!
You hit the yak.
The yak looks as sick as possible!
The yak is severely wounded.
The yak is engulfed in dark miasma.
The yak looks as sick as possible!
The yak seems to slow down.
You block the yak's attack.
You hit the yak.
You kill the yak!
You now have 947 gold pieces (gained 17).
Things that are here:
a +0 hand axe; a +0 ring mail; a yak corpse
Things that are here:
a +1 trident of protection; a +2 robe of positive energy A wraith comes into view.
A wraith is nearby!
A wraith is nearby!
A wraith is nearby!
You are too injured to fight recklessly!
You are too injured to fight recklessly!
You are too injured to fight recklessly!
You see here a +1 short sword of venom.
Things that are here:
a +0 giant club; a +0 giant spiked club; a two-headed ogre skeleton
Things that are here:
6 large rocks; a cyclops skeleton
There is a stone staircase leading up here.
Things that are here:
a +0 scale mail; a +0 dagger; an orc skeleton You start resting.
HP restored.
Items here: ) [ ÷÷.
You see here a +5 dagger.
A gargoyle comes into view. It is wielding a +0 mace.
A gargoyle is nearby!
A gargoyle is nearby!
You draw a card...
You have drawn Wild Magic.
The gargoyle rots away.
The gargoyle completely resists.
You feel a surge of magic.
Unknown command.
You draw a card...
You have drawn Pain.
Press: ? - help, Shift-Dir - straight line, f - gargoyle
Aim: a gargoyle, wielding a +0 mace The bolt of negative energy hits the gargoyle.
The gargoyle completely resists.
You draw a card...
You have drawn Pain.
Press: ? - help, Shift-Dir - straight line, f/p - gargoyle
Aim: a gargoyle, wielding a +0 mace The bolt of negative energy hits the gargoyle.
The gargoyle completely resists.
You draw a card...
You have drawn Degeneration.
The gargoyle is dazed by the mutagenic energy.
The gargoyle hurls a stone arrow at you.
The stone arrow hits you!!
Unknown command.
You draw a card...
You have drawn Wild Magic.
The gargoyle bobs in the air for a moment.
The gargoyle resists.
You feel a surge of magic.
Unknown command.
You hit the gargoyle but do no damage.
You headbutt the gargoyle, but do no damage.
The gargoyle is lightly damaged.
The gargoyle is lost in a daze.
You hit the gargoyle but do no damage.
The gargoyle is lightly damaged.
The gargoyle is lost in a daze.
You hit the gargoyle. You headbutt the gargoyle.
The gargoyle is moderately damaged.
You hit the gargoyle.
The gargoyle is heavily damaged.
You block the gargoyle's attack.
You hit the gargoyle. You headbutt the gargoyle.
The gargoyle is severely damaged.
The gargoyle is lost in a daze.
You barely miss the gargoyle.
You headbutt the gargoyle, but do no damage.
The gargoyle is severely damaged.
You hit the gargoyle but do no damage.
The gargoyle is severely damaged.
The gargoyle is lost in a daze.
You hit the gargoyle but do no damage.
The gargoyle is severely damaged.
The gargoyle hurls a stone arrow at you.
The stone arrow hits you!
* * * LOW HITPOINT WARNING * * *
You are too injured to fight recklessly!
You are too injured to fight recklessly!
You are too injured to fight recklessly!
You are too injured to fight recklessly!
You are too injured to fight recklessly!
You are too injured to fight recklessly!
You are too injured to fight recklessly!
You are too injured to fight recklessly!
You hit the gargoyle but do no damage.
The gargoyle is severely damaged.
Throw: 3 throwing nets
Press: ? - help, Q - select action, (/) - cycle Shift-Dir - straight line, f/p - gargoyle
Aim: a gargoyle, wielding a +0 mace (severely damaged, dazed, 77% to hit)
You throw a throwing net. The throwing net hits the gargoyle.
The gargoyle is caught in the net!
The gargoyle is severely damaged.
The gargoyle struggles against the net.
You hit the gargoyle but do no damage.
The gargoyle is severely damaged.
The gargoyle is no longer dazed.
The gargoyle struggles against the net.
You hit the gargoyle but do no damage.
The gargoyle is severely damaged.
The gargoyle struggles against the net.
You hit the gargoyle.
The gargoyle is severely damaged.
You hit the gargoyle but do no damage.
The gargoyle is severely damaged.
The gargoyle hurls a stone arrow at you.
The stone arrow hits you!!
* * * LOW HITPOINT WARNING * * *
The gargoyle struggles against the net.
You hit the gargoyle but do no damage.
The gargoyle is severely damaged.
You draw a card...
You have drawn Wild Magic.
Multicoloured lights dance around the gargoyle.
You feel a surge of magic.
The gargoyle hurls a stone arrow at you.
The stone arrow hits you.
* * * LOW HITPOINT WARNING * * *
The gargoyle struggles against the net.
The net rips apart, and the gargoyle comes free!
You draw a card...
You have drawn Vitriol.
Press: ? - help, Shift-Dir - straight line, f/p - gargoyle
Aim: a gargoyle, wielding a +0 mace (severely damaged)
The bolt of acid hits the gargoyle!
The acid corrodes the gargoyle!
You destroy the gargoyle!
There is a stone staircase leading down here.
Items here: ) [ ÷÷.
There is a stone staircase leading up here.
Things that are here:
a +0 scale mail; a +0 dagger Key pressed, stopping explore.
Things that are here:
a +0 dagger; a +0 robe Key pressed, stopping explore.
An orc warrior comes into view.
It is wielding a +2 dire flail of protection.
Okay, then.
Unknown command.
The orc warrior shouts!
An orc comes into view. It is wielding a +0 hand axe.
An orc comes into view.
It is wielding a +1 whip of electrocution.
The orc warrior throws a stone.
The stone hits you.
The orc warrior throws a stone.
The stone completely misses you.
The orc warrior drinks a potion.
The orc warrior seems to grow stronger.
You block the orc warrior's attack.
You puncture the orc warrior!
The orc warrior is poisoned.
Your headbutt misses the orc warrior.
The orc warrior is moderately wounded.
The orc warrior attacks as you move away!
The orc warrior completely misses you.
You hit the orc warrior but do no damage.
The orc warrior is moderately wounded.
You block the orc warrior's attack.
You hit the orc warrior but do no damage.
The orc warrior is moderately wounded.
You block the orc warrior's attack.
You hit the orc warrior but do no damage.
The orc warrior looks as sick as possible!
The orc warrior is moderately wounded.
You hit the orc warrior but do no damage.
The orc warrior is moderately wounded.
You block the orc warrior's attack.
You closely miss the orc warrior.
The orc warrior is heavily wounded.
You block the orc warrior's attack.
You barely miss the orc warrior.
The orc warrior is severely wounded.
You closely miss the orc warrior.
The orc warrior is severely wounded.
The orc warrior barely misses you.
You hit the orc warrior but do no damage.
The orc warrior is severely wounded.
You block the orc warrior's attack.
You hit the orc warrior but do no damage.
The orc warrior looks as sick as possible!
The orc warrior is severely wounded.
You hit the orc warrior.
The orc warrior looks as sick as possible!
The orc warrior is almost dead.
You block the orc warrior's attack.
You hit the orc warrior but do no damage.
The orc warrior looks as sick as possible!
The orc warrior is almost dead.
The orc warrior hits you with a +2 dire flail of protection.
You hit the orc warrior but do no damage.
The orc warrior looks as sick as possible!
Your headbutt misses the orc warrior.
The orc warrior is almost dead.
You hit the orc warrior but do no damage.
The orc warrior looks as sick as possible!
You headbutt the orc warrior.
You kill the orc warrior!
You hit the orc. Your headbutt misses the orc.
The orc is almost dead.
The orc closely misses you.
You hit the orc.
You kill the orc!
You block the orc's attack.
Items here: $ ( )) ? [[ †.
You barely miss the orc. You block the orc's attack.
You hit the orc.
The orc is poisoned.
The orc is severely wounded.
You block the orc's attack.
You puncture the orc!
You kill the orc!
No target in view!
No target in view!
No target in view!
No target in view!
No target in view!
No target in view!
No target in view!
No target in view!
No target in view!
No target in view!
No target in view!
M - 5 scrolls of identify (gained 1)
You now have 975 gold pieces (gained 28).
Items here: ( )) [[ †.
You now have 1000 gold pieces (gained 25).
Things that are here:
a +1 whip of electrocution; a +0 ring mail; an orc corpse A manticore comes into view.
A manticore is nearby!
A manticore is nearby!
The manticore flicks its tail.
The volley of spikes hits you.
The barbed spikes become lodged in your body.
The barbs in your skin will harm you if you move.
Continue? [Y]es or [N]o only, please.
The barbs in your skin will harm you if you move.
Continue?
Okay, then.
Aiming: Throw Flame
Press: ? - help, Shift-Dir - straight line, f - manticore
Aim: a manticore (81% to hit)
The puff of flame hits the manticore.
The manticore is lightly wounded.
Aiming: Throw Flame
Press: ? - help, Shift-Dir - straight line, f/p - manticore
Aim: a manticore (lightly wounded, 81% to hit)
The puff of flame hits the manticore but does no damage.
The manticore is lightly wounded.
The now-empty wand crumbles to dust.
The manticore flicks its tail.
The volley of spikes hits you!
The barbed spikes become lodged in your body.
You don't have any such object.
Evoke which item? (* to show all) (? for menu, Esc to quit)
Okay, then.
Unknown command.
You don't have any such object.
Evoke which item? (* to show all) (? for menu, Esc to quit)
Okay, then.
Aiming: Charm
Press: ? - help, Shift-Dir - straight line, f/p - manticore
Aim: a manticore (lightly wounded, chance to affect: 31%)
Okay, then.
Unknown command.
The manticore flicks its tail.
The volley of spikes hits you!
The barbed spikes become lodged in your body.
You hit the manticore but do no damage. You headbutt the manticore.
The manticore is lightly wounded.
You barely miss the manticore.
You headbutt the manticore, but do no damage.
The manticore is lightly wounded.
The manticore bites you! You block the manticore's attack. x2
You barely miss the manticore.
You headbutt the manticore, but do no damage.
The manticore is lightly wounded.
The manticore bites you!
* * * LOW HITPOINT WARNING * * *
You block the manticore's attack. The manticore barely misses you.
You hit the manticore but do no damage.
The manticore is poisoned.
You headbutt the manticore.
The manticore is moderately wounded.
You hit the manticore but do no damage.
The manticore looks as sick as possible!
Your headbutt misses the manticore.
The manticore is moderately wounded.
The manticore completely misses you. The manticore claws you.
* * * LOW HITPOINT WARNING * * *
You block the manticore's attack.
You hit the manticore but do no damage.
The manticore is moderately wounded.
You block the manticore's attack.
The manticore claws you but does no damage.
You block the manticore's attack.
You completely miss the manticore. Your headbutt misses the manticore.
The manticore is moderately wounded.
The manticore bites you!
* * * LOW HITPOINT WARNING * * *
The manticore claws you.
* * * LOW HITPOINT WARNING * * *
You emit a cloud of foul miasma!
The manticore barely misses you.
You hit the manticore.
The manticore looks as sick as possible!
You headbutt the manticore.
The manticore is heavily wounded.
You hit the manticore.
The manticore looks as sick as possible!
Your headbutt misses the manticore.
The manticore is severely wounded.
The manticore is engulfed in dark miasma.
The manticore looks as sick as possible!
The manticore bites you!
You die...
Your body glows with a rainbow of weird colours and disappears.

.. .... .. #... ..##.# #.
#...## .....##. ..
#.#.....## .....##....#
#........# .....##....#
#........#
....###....####.H......###
................@.).......
...##>..########..........
.............###........##
#.#......................#
#.##...............)..#..
#.##....................#
#.##.)...........#####....
#)###)##.........# #..#
#)###.##.........####### .


You could see a manticore (extremely poisoned).

Vanquished Creatures
  A boulder beetle (D:11)
  A two-headed ogre (D:9)
  A swamp dragon (D:11)
  Pikel (D:5)
  A cyclops (D:11)
  An unseen horror (D:10)
  A gargoyle (D:11)
  A troll (D:9)
  A tarantella (D:9)
  Grinder (D:6)
  Sigmund (D:3)
  12 yaks
  A wraith (D:10)
  A vampire (D:11)
  3 steam dragons
  A warg (D:11)
  Edmund (D:6)
  An acid dragon (D:11)
  A water moccasin (D:8)
  Duvessa (D:7)
  3 sky beasts (D:7)
  5 orc warriors
  4 ogres
  2 black bears
  3 centaurs
  A phantom (D:5)
  A lemure (D:5)
  A bullfrog (D:6)
  Blork the orc (D:5)
  2 necrophages
  2 gnoll sergeants
  4 scorpions
  3 wights (D:7)
  Dowan (D:7)
  A killer bee (D:11)
  2 howler monkeys (D:9)
  4 hounds
  Crazy Yiuf (D:3)
  3 jellies
  A gnoll bouda (D:7)
  5 orc priests
  19 orc wizards
  Natasha (twice) (D:3)
  3 iguanas
  9 mummies
  Robin (D:4)
  13 gnolls
  8 adders
  2 shadow imps
  2 white imps (D:7)
  An ufetubus (D:5)
  6 dart slugs
  44 orcs
  10 ball pythons
  12 endoplasms
  5 giant cockroaches
  A gnoll zombie (Ossuary)
  9 hobgoblins
  3 jackals (D:5)
  6 quokkas
  9 bats
  4 frilled lizards
  14 goblins
  2 hobgoblin zombies (Ossuary)
  5 kobolds
  2 kobold zombies
  5 orc zombies
  8 rats
288 creatures vanquished.

Vanquished Creatures (others)
  2 gnolls (D:7)
  A quokka (D:9)
3 creatures vanquished.

Grand Total: 291 creatures vanquished

Notes
Turn   | Place    | Note
-------+----------+-------------------------------------------
     0 | D:1      | sleeves the Demonspawn Monk began the quest for the Orb.
     0 | D:1      | Reached XP level 1. HP: 18/18 MP: 1/1
   130 | D:1      | Reached skill level 3 in Long Blades
   174 | D:1      | Gained mutation: A meltable shield of frost defends you.
                  | (SH +4) [demonic ancestry]
   174 | D:1      | Reached XP level 2. HP: 15/24 MP: 2/2
   177 | D:1      | HP: 12/24 [dart slug (1)]
   182 | D:1      | HP: 10/24 [rat (2)]
   435 | D:1      | HP: 8/24 [goblin/+2 dagger of venom (5)]
   533 | D:1      | Reached XP level 3. HP: 29/29 MP: 3/3
   754 | D:2      | Reached skill level 4 in Long Blades
  1202 | D:2      | Reached XP level 4. HP: 35/35 MP: 4/4
  1231 | D:2      | Identified the amulet "Juika" {Faith rF+ Int+3 Slay+2}
  1529 | D:3      | Found Zasoso's Weapon Shoppe.
  1571 | D:3      | Noticed Sigmund
  1583 | D:3      | Killed Sigmund
  1584 | D:3      | Reached skill level 6 in Long Blades
  1584 | D:3      | Reached XP level 5. HP: 33/41 MP: 5/5
  1637 | D:3      | Found a faded altar of an unknown god.
  1719 | D:3      | Reached XP level 6. HP: 47/47 MP: 6/6
  1778 | D:3      | Found a runed translucent door.
  1779 | D:3      | Noticed Crazy Yiuf
  2221 | D:3      | HP: 22/47 [poisoned by an orc wizard]
  2224 | D:3      | HP: 10/47 [poisoned by an orc wizard]
  2290 | D:3      | Noticed Natasha
  2297 | D:3      | Killed Natasha
  2402 | D:3      | Found a sparkling altar of Nemelex Xobeh.
  2415 | D:3      | Became a worshipper of Nemelex Xobeh the Trickster
  2415 | D:3      | Reached * piety under Nemelex Xobeh
  2415 | D:3      | Received a gift from Nemelex Xobeh
  2415 | D:3      | Reached ** piety under Nemelex Xobeh
  2634 | D:3      | HP: 22/47 [Crazy Yiuf/+3 quarterstaff of chaos (6)]
  2635 | D:3      | Killed Crazy Yiuf
  2636 | D:3      | Reached skill level 7 in Long Blades
  2636 | D:3      | Reached skill level 1 in Invocations
  2820 | D:4      | Received a gift from Nemelex Xobeh
  2947 | D:4      | Noticed Robin
  2956 | D:4      | Killed Robin
  3062 | D:4      | Received a gift from Nemelex Xobeh
  3072 | D:4      | Found a staircase to the Ecumenical Temple.
  3290 | D:4      | Reached skill level 2 in Invocations
  3290 | D:4      | Gained mutation: You have a pair of small horns on your
                  | head. [demonic ancestry]
  3290 | D:4      | Reached XP level 7. HP: 48/52 MP: 8/8
  3704 | D:4      | Reached skill level 3 in Invocations
  3751 | D:3      | Noticed Natasha
  3759 | D:3      | Killed Natasha
  3904 | D:5      | Entered Level 5 of the Dungeon
  3978 | D:5      | Reached skill level 4 in Invocations
  4064 | D:5      | Reached skill level 5 in Invocations
  4109 | D:5      | Reached skill level 8 in Long Blades
  4126 | D:5      | Gained mutation: You may rarely emit foul miasma when
                  | damaged in melee. [demonic ancestry]
  4126 | D:5      | Reached XP level 8. HP: 58/58 MP: 10/12
  4303 | D:5      | Reached *** piety under Nemelex Xobeh
  4310 | D:5      | Noticed Blork the orc
  4314 | D:5      | Killed Blork the orc
  4315 | D:5      | Reached skill level 6 in Invocations
  4317 | D:5      | Found a sand-covered staircase.
  4381 | Ossuary  | Entered an ossuary
  4636 | Ossuary  | Received a gift from Nemelex Xobeh
  4796 | D:5      | Noticed Pikel
  4810 | D:5      | Killed Pikel
  4811 | D:5      | Reached skill level 9 in Long Blades
  4811 | D:5      | Reached skill level 8 in Invocations
  4939 | D:5      | Gained mutation: You sometimes emit foul miasma when
                  | damaged in melee. [demonic ancestry]
  4939 | D:5      | Reached XP level 9. HP: 53/63 MP: 15/15
  5285 | D:6      | Noticed Grinder
  5392 | D:6      | Reached skill level 9 in Invocations
  5442 | D:6      | Found a snail-covered altar of Cheibriados.
  5473 | D:6      | Killed Grinder
  5474 | D:6      | Reached skill level 1 in Armour
  5648 | D:6      | Reached skill level 2 in Armour
  5649 | D:6      | HP: 31/63 [poisoned by a scorpion]
  5809 | D:6      | Found an iron altar of Okawaru.
  5809 | D:6      | Found a shimmering blue altar of Sif Muna.
  5957 | D:6      | Noticed Edmund
  5966 | D:6      | Killed Edmund
  6065 | D:6      | Reached skill level 10 in Long Blades
  6065 | D:6      | Reached skill level 10 in Invocations
  6103 | D:6      | Received a gift from Nemelex Xobeh
  6106 | D:6      | Reached **** piety under Nemelex Xobeh
  6441 | D:7      | Reached skill level 3 in Armour
  6662 | D:7      | Found Pulinuss's Distillery.
  6716 | D:7      | Noticed Duvessa
  6716 | D:7      | Noticed Dowan
  6734 | D:7      | Killed Duvessa
  6740 | D:7      | Killed Dowan
  6802 | D:7      | Identified the +0 robe of Ate Mugu {rN+}
  6836 | D:7      | Found Gipsew's Weapon Boutique.
  6853 | D:7      | Reached skill level 4 in Armour
  6865 | D:7      | Reached XP level 10. HP: 55/70 MP: 18/18
  6879 | D:7      | Found Yryshrok's Book Emporium.
  7127 | D:7      | Found Lulu's General Store.
  7297 | D:7      | Found Ruku's Antique Armour Emporium.
  7502 | D:8      | Received a gift from Nemelex Xobeh
  7774 | D:8      | Reached skill level 11 in Invocations
  8032 | D:8      | Reached skill level 1 in Shields
  8488 | D:9      | Noticed a two-headed ogre
  8497 | D:9      | Killed a two-headed ogre
  8556 | D:9      | Noticed Maurice
  8557 | D:9      | Maurice changed into Maurice the scorpion
  8557 | D:9      | Noticed Maurice
  8563 | D:9      | Killed Maurice the scorpion
  8564 | D:9      | Reached skill level 2 in Shields
  8754 | D:9      | HP: 35/70 [orc warrior/+0 halberd (12)]
  8781 | D:9      | Noticed Harold
  8902 | D:9      | Reached ***** piety under Nemelex Xobeh
  8948 | D:9      | HP: 33/70 [something (5)]
  8950 | D:9      | Reached skill level 5 in Armour
  9160 | D:9      | Found a radiant altar of Vehumet.
  9237 | D:9      | Harold changed into Harold the tarantella
  9237 | D:9      | Noticed Harold
  9242 | D:9      | Killed Harold the tarantella
  9277 | D:9      | Reached skill level 3 in Shields
  9310 | D:9      | HP: 29/70 [orc priest/divine providence (12)]
  9311 | D:9      | Reached skill level 11 in Long Blades
  9315 | D:9      | HP: 21/70 [poisoned by an orc priest]
  9506 | D:9      | Received a gift from Nemelex Xobeh
  9643 | D:10     | Entered Level 10 of the Dungeon
  9646 | D:10     | Reached skill level 12 in Invocations
  9676 | D:10     | Found a staircase to the Lair.
  9681 | D:10     | Noticed an oklob plant
 10091 | D:10     | Reached XP level 11. HP: 44/75 MP: 20/20
 10224 | D:10     | Received a gift from Nemelex Xobeh
 10527 | D:11     | Noticed a boulder beetle
 10531 | D:11     | Noticed Sonja
 10537 | D:11     | Noticed a two-headed ogre
 10539 | D:11     | Killed a boulder beetle
 10540 | D:11     | Reached skill level 6 in Armour
 10540 | D:11     | Reached skill level 4 in Shields
 10540 | D:11     | Sonja changed into Sonja the iguana
 10540 | D:11     | Noticed Sonja
 10545 | D:11     | a two-headed ogre changed into a swamp dragon
 10545 | D:11     | Noticed a swamp dragon
 10545 | D:11     | Sonja the iguana changed into Sonja the killer bee
 10545 | D:11     | Noticed Sonja
 10550 | D:11     | Killed a swamp dragon
 10554 | D:11     | Killed Sonja the killer bee
 10611 | D:11     | HP: 37/75 [acid dragon/splash of acid (17)]
 10671 | D:11     | HP: 26/75 [cyclops (15)]
 10690 | D:11     | HP: 30/75 [orc wizard/magic dart (3)]
 10984 | D:11     | Found a staircase to the Orcish Mines.
 11043 | D:11     | HP: 33/75 [yak (10)]
 11056 | D:11     | HP: 35/75 [yak (1)]
 11066 | D:11     | HP: 37/75 [yak (1)]
 11252 | D:11     | HP: 37/75 [gargoyle/stone arrow (15)]
 11258 | D:11     | HP: 14/75 [gargoyle/stone arrow (24)]
 11559 | D:11     | HP: 33/75 [manticore (13)]
 11563 | D:11     | HP: 15/75 [manticore (5)]
 11565 | D:11     | Slain by a manticore

Illustrated notes

Levels and vault maps discovered:
D:1:      amcnicky_arrival_feature_with_door, layout_rooms, glass_columns_c,
          st_stairs_7, minmay_indecisive_spiral
D:2:      layout_basic
D:3:      layout_loops_ring, lemuel_doored_altar,
          shapermc_ecumenical_altar_totnotflames, serial_shops,
          nicolae_shop_trees, corexii_leaking_fountain, uniq_sigmund,
          uniq_crazy_yiuf_cottage, uniq_natasha
D:4:      layout_basic, minmay_temple_entry_drinking_statues, uniq_robin
D:5:      layout_basic, nicolae_ossuary_entry_giza, uniq_pikel,
          uniq_blork_the_orc
D:6:      layout_cave_pools, mainiacjoe_overflow_cross_hatched,
          grunt_temple_overflow_open, uniq_grinder, uniq_edmund
D:7:      layout_loops_ring, serial_shops, shop, shop, shop,
          nicolae_shop_waterfront, shop, minivault_10, kennysheep_donut,
          uniq_duvessa
D:8:      layout_loops_corners
D:9:      layout_small_grid, elyvilon_altar_4, nicolae_vehumet_radiance,
          uniq_harold, uniq_maurice
D:10:     layout_irregular_city, dpeg_oklobed_lair
D:11:     layout_rooms, david_orc_3, uniq_sonja

Skill      XL: |  1  2  3  4  5  6  7  8  9 10 11 |
---------------+----------------------------------+-----
Long Blades    | 3 4 6 7 8 9 10 11 | 11.5
Invocations    | 2 5 8 10 12 | 12.9
Armour         | 4 5 6 |  6.5
Shields        | 3 4 |  4.9
Fighting       | |  3.0
Dodging        | |  2.6
Stealth        | |  1.7

Action                   |  1- 3 |  4- 6 |  7- 9 | 10-12 || total
-------------------------+-------+-------+-------+-------++-------
Melee: Falchion          |    61 |       |   102 |       ||   163
       Dagger            |    60 |   185 |   299 |   385 ||   929
       Punch             |     2 |     2 |       |     1 ||     5
       Headbutt          |       |       |   101 |   112 ||   213
Throw: Throwing net      |       |       |     2 |     4 ||     6
Invok: Draw Destruction  |       |       |    15 |    27 ||    42
Evoke: Wand              |       |       |       |     4 ||     4
  Use: Potion            |     1 |     1 |       |       ||     2
       Scroll            |       |       |    12 |     2 ||    14
 Stab: Sleeping          |     8 |     2 |     4 |       ||    14
Armor: Robe              |    13 |       |    34 |       ||    47
       Leather armour    |    15 |       |       |       ||    15
       Ring mail         |     6 |    55 |     9 |       ||    70
       Chain mail        |       |       |    82 |   180 ||   262
Dodge: Dodged            |    54 |    74 |   144 |    76 ||   348
Block: Other             |    11 |    25 |    40 |       ||    76
       Buckler           |       |       |       |   119 ||   119

Table legend: (Time is in decaauts)
 A = Elapsed time spent in this place.
 B = Non-inter-level travel time spent in this place.
 C = Inter-level travel time spent in this place.
 D = Time resting spent in this place.
 E = Time spent auto-exploring this place.
 F = Levels seen in this place.
 G = Mean time per level.
                   A        B        C        D        E       F      G
               +--------+--------+--------+--------+--------+-----+--------+
         Total |  11315 |  10710 |    605 |    783 |   7702 |  12 |  942.9 |
       Dungeon |  11011 |  10406 |    605 |    783 |   7516 |  11 | 1001.0 |
       Ossuary |    304 |    304 |      0 |      0 |    186 |   1 |  304.0 |
               +--------+--------+--------+--------+--------+-----+--------+

Top non-repeatable levels by time:
     D:3: 1339 daAuts
     D:5: 1184 daAuts
     D:7: 1148 daAuts
    D:10: 1104 daAuts
     D:9: 1056 daAuts
     D:8: 1043 daAuts
     D:4: 993 daAuts
     D:6: 847 daAuts
     D:2: 770 daAuts
    D:11: 767 daAuts
     D:1: 756 daAuts
 Ossuary: 304 daAuts
